TOP OF THE 1ST |
El Paso Chihuahuas batting - Pitching for Lehigh Valley IronPigs : RHP Nick Turner
|
Pitching: RHP Nick Turner
|
|
Batting: SHB Steve Killion
|
0-0: Ball 1-0: Swinging Strike 1-1: Foul Ball, location: 2F 1-2: Ball 2-2: Foul Ball, location: 2F 2-2: Ball 3-2: SINGLE (Line Drive, 8LS, EV 95.0 MPH)
|
Batting: RHB Itsuo Yoshioka
|
0-0: Foul Ball, location: 2F 0-1: Foul Ball, location: 2F 0-2: Strikes out swinging
|
Batting: RHB Jeremy Lewis
|
0-0: Called Strike 0-1: Fly out, F4 (Popup, 34, EV 51.9 MPH)
|
Batting: RHB Kiril Emeshin
|
0-0: Called Strike 0-1: Ball 1-1: Ball 2-1: Called Strike 2-2: SINGLE (Groundball, 56D, EV 95.0 MPH) Steve Killion to second
|
Batting: RHB Juan Martinez
|
0-0: Ball 1-0: Ball 2-0: Fielders Choice at 2nd, 6-4 (Groundball, 6, EV 90.0 MPH)
|
Top of the 1st over - 0 runs, 2 hits, 0 errors, 2 left on base; El Paso 0 - Lehigh Valley 0 |
BOTTOM OF THE 1ST |
Lehigh Valley IronPigs batting - Pitching for El Paso Chihuahuas : RHP Sal Contreras
|
Pitching: RHP Sal Contreras
|
|
Batting: RHB Mitch Boyd
|
0-0: Called Strike 0-1: Ball 1-1: Foul Ball, location: 2F 1-2: Ball 2-2: Ball 3-2: Base on Balls
|
Batting: LHB Darrell Ortega
|
0-0: Ball 1-0: Ball Wild Pitch! Mitch Boyd to second 2-0: Foul Ball, location: 2F 2-1: Fly out, F8 (Flyball, 8RD, EV 78.8 MPH)
|
Batting: LHB Danny Hill
|
0-0: Foul Ball, location: 2F 0-1: Ball 1-1: Ball 2-1: Ball 3-1: Fly out, F9 (Flyball, 9, EV 86.9 MPH)
|
Batting: SHB Lance Franklin
|
0-0: Foul Ball, location: 2F 0-1: Foul Ball, location: 2F 0-2: Ball 1-2: Ball 2-2: Ball 3-2: Base on Balls
|
Batting: LHB Michael Tuttle
|
0-0: Fly out, F9 (Flyball, 9, EV 90.0 MPH)
|
Bottom of the 1st over - 0 runs, 0 hits, 0 errors, 2 left on base; El Paso 0 - Lehigh Valley 0 |
TOP OF THE 2ND |
El Paso Chihuahuas batting - Pitching for Lehigh Valley IronPigs : RHP Nick Turner
|
Batting: RHB Ryan Alban
|
0-0: Ball 1-0: Ball 2-0: Ball 3-0: Called Strike 3-1: Base on Balls
|
Batting: RHB Terry Jarrells
|
0-0: Called Strike 0-1: Ball 1-1: Swinging Strike 1-2: Ball 2-2: Ball 3-2: Strikes out swinging
|
Batting: RHB Min-chin Yi
|
0-0: Foul Ball, location: 2F 0-1: Foul Ball, location: 2F 0-2: Foul Ball, location: 2F 0-2: Foul Ball, location: 2F 0-2: Foul Ball, location: 2F 0-2: Ball 1-2: SINGLE (Groundball, 4MD, EV 103.8 MPH) Ryan Alban to second
|
Batting: LHB Helmut Steggall
|
0-0: Ball 1-0: Called Strike 1-1: Foul Ball, location: 2F 1-2: Foul Ball, location: 2F 1-2: 3-RUN HOME RUN (Flyball, 9LD, EV 93.1 MPH), Distance : 355 ft
|
Batting: SHB Steve Killion
|
0-0: Ball 1-0: Foul Ball, location: 2F 1-1: Ball 2-1: Foul Ball, location: 2F 2-2: Ball 3-2: Base on Balls
|
Batting: RHB Itsuo Yoshioka
|
0-0: Ball 1-0: Called Strike 1-1: Called Strike 1-2: Ball 2-2: Ball 3-2: Foul Ball, location: 2F 3-2: Fly out, F2 (Popup, 23F, EV 85.6 MPH)
|
Batting: RHB Jeremy Lewis
|
0-0: Ball 1-0: SINGLE (Line Drive, 89S, EV 91.2 MPH) Steve Killion to second Runner from 2nd tries for 3rd, SAFE, throw by RF made to third
|
Batting: RHB Kiril Emeshin
|
0-0: Foul Ball, location: 2F 0-1: Ball 1-1: Ball 2-1: Called Strike 2-2: Ball 3-2: Foul Ball, location: 2F 3-2: Foul Ball, location: 2F 3-2: Foul Ball, location: 2F 3-2: Foul Ball, location: 2F 3-2: Base on Balls Jeremy Lewis to second
|
Batting: RHB Juan Martinez
|
0-0: SINGLE (Groundball, 4M, EV 96.2 MPH) Steve Killion scores Jeremy Lewis to third Kiril Emeshin to second Runner from 3rd tries for Home, SAFE, throw by CF to home
|
Pitching: RHP Ben Bosley
|
|
Batting: RHB Ryan Alban
|
0-0: Ball 1-0: Foul Ball, location: 2F 1-1: Ball 2-1: Called Strike 2-2: Fielders Choice at 2nd, 6-4 (Groundball, 6, EV 85.0 MPH)
|
Top of the 2nd over - 5 runs, 4 hits, 0 errors, 2 left on base; El Paso 5 - Lehigh Valley 0 |
BOTTOM OF THE 2ND |
Lehigh Valley IronPigs batting - Pitching for El Paso Chihuahuas : RHP Sal Contreras
|
Batting: RHB Chris Pounds
|
0-0: Called Strike 0-1: Ball 1-1: Called Strike 1-2: Ball 2-2: Foul Ball, location: 2F 2-2: Foul Ball, location: 2F 2-2: Ball 3-2: Foul Ball, location: 2F 3-2: Foul Ball, location: 2F 3-2: Base on Balls
|
Batting: RHB Moritake Fukumoto
|
0-0: Called Strike 0-1: Swinging Strike 0-2: Strikes out swinging
|
Batting: LHB Tyler Allen
|
0-0: Called Strike 0-1: Foul Ball, location: 2F 0-2: Strikes out swinging
|
Batting: RHB Dan Grable
|
0-0: Called Strike 0-1: Foul Ball, location: 2F 0-2: Strikes out swinging
|
Bottom of the 2nd over - 0 runs, 0 hits, 0 errors, 1 left on base; El Paso 5 - Lehigh Valley 0 |
TOP OF THE 3RD |
El Paso Chihuahuas batting - Pitching for Lehigh Valley IronPigs : RHP Ben Bosley
|
Batting: RHB Terry Jarrells
|
0-0: Called Strike 0-1: Ball 1-1: Foul Ball, location: 2F 1-2: Ball 2-2: Strikes out looking
|
Batting: RHB Min-chin Yi
|
0-0: Ball 1-0: Swinging Strike 1-1: Fly out, F2 (Popup, 2LF, EV 87.5 MPH)
|
Batting: LHB Helmut Steggall
|
0-0: Ground out U3 (Groundball, 3L, EV 105.6 MPH)
|
Top of the 3rd over - 0 runs, 0 hits, 0 errors, 0 left on base; El Paso 5 - Lehigh Valley 0 |
BOTTOM OF THE 3RD |
Lehigh Valley IronPigs batting - Pitching for El Paso Chihuahuas : RHP Sal Contreras
|
Batting: RHB Mitch Boyd
|
0-0: Ball 1-0: Called Strike 1-1: Swinging Strike 1-2: Ground out 5-3 (Groundball, 56S, EV 70.6 MPH)
|
Batting: LHB Darrell Ortega
|
0-0: Foul Ball, location: 2F 0-1: Ball 1-1: Swinging Strike 1-2: Ground out 1-3 (Groundball, P, EV 70.6 MPH)
|
Batting: LHB Danny Hill
|
0-0: Ball 1-0: SINGLE (Line Drive, 8RS, EV 107.5 MPH)
|
Batting: SHB Lance Franklin
|
0-0: Ball 1-0: Called Strike 1-1: Called Strike 1-2: Ball 2-2: Foul Ball, location: 2F 2-2: Fly out, F8 (Flyball, 78D, EV 74.4 MPH)
|
Bottom of the 3rd over - 0 runs, 1 hit, 0 errors, 1 left on base; El Paso 5 - Lehigh Valley 0 |
TOP OF THE 4TH |
El Paso Chihuahuas batting - Pitching for Lehigh Valley IronPigs : RHP Ben Bosley
|
Batting: SHB Steve Killion
|
0-0: Ball 1-0: Ground out 6-3 (Groundball, 6, EV 79.4 MPH)
|
Batting: RHB Itsuo Yoshioka
|
0-0: Called Strike 0-1: Called Strike 0-2: Foul Ball, location: 2F 0-2: Foul Ball, location: 2F 0-2: Foul Ball, location: 2F 0-2: Hit by Pitch
|
Batting: RHB Jeremy Lewis
|
0-0: DOUBLE (Line Drive, 8RD, EV 96.9 MPH) Itsuo Yoshioka to third
|
Batting: RHB Kiril Emeshin
|
0-0: Called Strike 0-1: Ball 1-1: Foul Ball, location: 2F 1-2: Ball 2-2: Foul Ball, location: 2F 2-2: Ball 3-2: Foul Ball, location: 2F 3-2: Ground out 5-3 (Groundball, 56, EV 101.2 MPH) Itsuo Yoshioka scores
|
Batting: RHB Juan Martinez
|
0-0: Called Strike 0-1: Ball Wild Pitch! Jeremy Lewis to third 1-1: Swinging Strike 1-2: Strikes out looking
|
Top of the 4th over - 1 run, 1 hit, 0 errors, 1 left on base; El Paso 6 - Lehigh Valley 0 |
BOTTOM OF THE 4TH |
Lehigh Valley IronPigs batting - Pitching for El Paso Chihuahuas : RHP Sal Contreras
|
Batting: LHB Michael Tuttle
|
0-0: Called Strike 0-1: SINGLE (Groundball, 34D, EV 110.6 MPH)
|
Batting: RHB Chris Pounds
|
0-0: Swinging Strike 0-1: Ball 1-1: Foul Ball, location: 2F 1-2: Ball 2-2: Fielders Choice at 2nd, 4-6 (Groundball, 4, EV 88.1 MPH)
|
Batting: RHB Moritake Fukumoto
|
0-0: Ball 1-0: Swinging Strike 1-1: Ball 2-1: Foul Ball, location: 2F 2-2: Foul Ball, location: 2F 2-2: Ball 3-2: Base on Balls Chris Pounds to second
|
Batting: LHB Tyler Allen
|
0-0: Ball 1-0: Swinging Strike 1-1: Grounds into double play, 4-6-3 (Groundball, 4, EV 103.8 MPH)
|
Bottom of the 4th over - 0 runs, 1 hit, 0 errors, 1 left on base; El Paso 6 - Lehigh Valley 0 |
TOP OF THE 5TH |
El Paso Chihuahuas batting - Pitching for Lehigh Valley IronPigs : RHP Ben Bosley
|
Batting: RHB Ryan Alban
|
0-0: Called Strike 0-1: Hit by Pitch
|
Batting: RHB Terry Jarrells
|
0-0: Ball 1-0: Ball 2-0: Fly out, F8 (Flyball, 89XD, EV 100.6 MPH)
|
Batting: RHB Min-chin Yi
|
0-0: Ball 1-0: Ball 2-0: Fly out, F9 (Flyball, 9, EV 85.0 MPH)
|
Batting: LHB Helmut Steggall
|
0-0: Ball 1-0: Ball 2-0: Ball 3-0: Base on Balls Ryan Alban to second
|
Batting: SHB Steve Killion
|
0-0: Foul Ball, location: 2F 0-1: Foul Ball, location: 2F 0-2: Ball 1-2: Foul Ball, location: 2F 1-2: Hit by Pitch Ryan Alban to third Helmut Steggall to second
|
Batting: RHB Itsuo Yoshioka
|
0-0: Ball 1-0: Ball 2-0: Ball 3-0: Called Strike 3-1: Base on Balls Ryan Alban scores Helmut Steggall to third Steve Killion to second
|
Batting: RHB Jeremy Lewis
|
0-0: Ball 1-0: SINGLE (Line Drive, 8RS, EV 90.6 MPH) Helmut Steggall scores Steve Killion to third Itsuo Yoshioka to second Runner from 3rd tries for Home, SAFE, throw by CF to home
|
Batting: RHB Kiril Emeshin
|
0-0: Ball 1-0: Called Strike 1-1: Swinging Strike 1-2: Ball 2-2: Ball 3-2: Strikes out swinging
|
Top of the 5th over - 3 runs, 1 hit, 0 errors, 2 left on base; El Paso 9 - Lehigh Valley 0 |
BOTTOM OF THE 5TH |
Lehigh Valley IronPigs batting - Pitching for El Paso Chihuahuas : RHP Sal Contreras
|
Batting: RHB Dan Grable
|
0-0: Called Strike 0-1: Fly out, F9 (Flyball, 9D, EV 100.0 MPH)
|
Batting: RHB Mitch Boyd
|
0-0: Ball 1-0: Swinging Strike 1-1: Called Strike 1-2: Ground out 4-3 (Groundball, 4M, EV 102.5 MPH)
|
Batting: LHB Darrell Ortega
|
0-0: Ball 1-0: Ball 2-0: Called Strike 2-1: Foul Ball, location: 2F 2-2: Strikes out swinging
|
Bottom of the 5th over - 0 runs, 0 hits, 0 errors, 0 left on base; El Paso 9 - Lehigh Valley 0 |
TOP OF THE 6TH |
El Paso Chihuahuas batting - Pitching for Lehigh Valley IronPigs : RHP Ben Bosley
|
Batting: RHB Juan Martinez
|
0-0: Foul Ball, location: 2F 0-1: Called Strike 0-2: Ball 1-2: Strikes out swinging
|
Pitching: RHP Frank Diaz
|
|
Batting: RHB Ryan Alban
|
0-0: Ball 1-0: Called Strike 1-1: Called Strike 1-2: Foul Ball, location: 2F 1-2: Ground out 6-3 (Groundball, 56, EV 93.1 MPH)
|
Batting: RHB Terry Jarrells
|
0-0: Fly out, F7 (Flyball, 78S, EV 94.4 MPH)
|
Top of the 6th over - 0 runs, 0 hits, 0 errors, 0 left on base; El Paso 9 - Lehigh Valley 0 |
BOTTOM OF THE 6TH |
Lehigh Valley IronPigs batting - Pitching for El Paso Chihuahuas : RHP Sal Contreras
|
Batting: LHB Danny Hill
|
0-0: Called Strike 0-1: Ball 1-1: Ball 2-1: Called Strike 2-2: Ball 3-2: Base on Balls
|
Batting: SHB Lance Franklin
|
0-0: Foul Ball, location: 2F 0-1: Ball 1-1: Swinging Strike 1-2: Ball 2-2: Fly out, F9 (Flyball, 89M, EV 90.0 MPH)
|
Batting: LHB Michael Tuttle
|
0-0: Foul Ball, location: 2F 0-1: Swinging Strike 0-2: Ball Danny Hill steals 2nd base (no throw) 1-2: Strikes out swinging, 2-3 out at first.
|
Pitching: RHP Jadon Martin
|
|
Batting: RHB Chris Pounds
|
0-0: Ball 1-0: Fly out, F8 (Line Drive, 8LM, EV 93.8 MPH)
|
Bottom of the 6th over - 0 runs, 0 hits, 0 errors, 1 left on base; El Paso 9 - Lehigh Valley 0 |
TOP OF THE 7TH |
El Paso Chihuahuas batting - Pitching for Lehigh Valley IronPigs : RHP Frank Diaz
|
Batting: RHB Min-chin Yi
|
0-0: Fly out, F9 (Flyball, 9LM, EV 90.6 MPH)
|
Batting: LHB Helmut Steggall
|
0-0: Ball 1-0: Ball 2-0: DOUBLE (Line Drive, 8RD, EV 108.1 MPH)
|
Batting: SHB Steve Killion
|
0-0: Foul Ball, location: 2F 0-1: Ground out 3-1 (Groundball, 34, EV 86.2 MPH) Helmut Steggall to third
|
Batting: RHB Itsuo Yoshioka
|
0-0: Ball 1-0: Ball 2-0: Ball 3-0: Swinging Strike 3-1: Base on Balls
|
Pinch Hitting: SHB Chris Haugen
|
0-0: Ball 1-0: Ground out 4-3 (Groundball, 13, EV 90.0 MPH)
|
Top of the 7th over - 0 runs, 1 hit, 0 errors, 2 left on base; El Paso 9 - Lehigh Valley 0 |
BOTTOM OF THE 7TH |
Lehigh Valley IronPigs batting - Pitching for El Paso Chihuahuas : RHP Jadon Martin
|
Now at 1B: Chris Haugen
|
|
Pinch Hitting: SHB Bob Dixon
|
0-0: Swinging Strike 0-1: Ball 1-1: Swinging Strike 1-2: Foul Ball, location: 2F 1-2: Strikes out swinging
|
Batting: LHB Tyler Allen
|
0-0: Called Strike 0-1: Ball 1-1: Foul Ball, location: 2F 1-2: Ball 2-2: Ball 3-2: SINGLE (Groundball, 4M, EV 101.2 MPH) (infield hit)
|
Batting: RHB Dan Grable
|
0-0: Ball 1-0: Ball 2-0: Called Strike 2-1: Foul Ball, location: 2F 2-2: SINGLE (Groundball, 56, EV 100.0 MPH) Tyler Allen to second
|
Pitching: RHP Victor Moreno
|
|
Batting: RHB Mitch Boyd
|
0-0: Ball 1-0: Swinging Strike 1-1: Fielders Choice at 2nd, 6-4 (Groundball, 6MD, EV 99.4 MPH) Tyler Allen to third
|
Batting: LHB Darrell Ortega
|
0-0: Ball 1-0: Ball 2-0: Ground out 3-1 (Groundball, 34, EV 106.9 MPH)
|
Bottom of the 7th over - 0 runs, 2 hits, 0 errors, 2 left on base; El Paso 9 - Lehigh Valley 0 |
TOP OF THE 8TH |
El Paso Chihuahuas batting - Pitching for Lehigh Valley IronPigs : RHP Frank Diaz
|
Now in LF: Danny Hill
|
|
Now in RF: Bob Dixon
|
|
Batting: RHB Kiril Emeshin
|
0-0: Ball 1-0: Called Strike 1-1: SINGLE (Line Drive, 6D, EV 104.4 MPH)
|
Batting: RHB Juan Martinez
|
0-0: Ball 1-0: Called Strike 1-1: SINGLE (Groundball, 56D, EV 96.2 MPH) Kiril Emeshin to second
|
Batting: RHB Ryan Alban
|
0-0: Called Strike 0-1: Ball 1-1: Foul Ball, location: 2F 1-2: Foul Ball, location: 2F 1-2: Strikes out looking
|
Batting: RHB Terry Jarrells
|
0-0: Called Strike 0-1: Foul Ball, location: 2F 0-2: Ball 1-2: Ball 2-2: Foul Ball, location: 2F 2-2: Foul Ball, location: 2F 2-2: Foul Ball, location: 2F 2-2: Foul Ball, location: 2F 2-2: Grounds into double play, 5-4-3 (Groundball, 56, EV 81.9 MPH)
|
Top of the 8th over - 0 runs, 2 hits, 0 errors, 1 left on base; El Paso 9 - Lehigh Valley 0 |
BOTTOM OF THE 8TH |
Lehigh Valley IronPigs batting - Pitching for El Paso Chihuahuas : RHP Victor Moreno
|
Batting: LHB Danny Hill
|
0-0: Foul Ball, location: 2F 0-1: Ball 1-1: Called Strike 1-2: Foul Ball, location: 2F 1-2: SINGLE (Groundball, 34D, EV 82.5 MPH) (infield hit)
|
Pinch Hitting: RHB Luis Arce
|
0-0: Called Strike 0-1: Ball 1-1: Ball 2-1: Swinging Strike 2-2: Foul Ball, location: 2F 2-2: Ball 3-2: Foul Ball, location: 2F 3-2: Base on Balls Danny Hill to second
|
Batting: LHB Michael Tuttle
|
0-0: Fielders Choice at 2nd, 3-6 (Groundball, 34S, EV 82.5 MPH) Danny Hill to third
|
Batting: RHB Chris Pounds
|
0-0: SINGLE (Flyball, 9LS, EV 88.8 MPH) Danny Hill scores Michael Tuttle to second
|
Batting: SHB Bob Dixon
|
0-0: Called Strike 0-1: Ball 1-1: Foul Ball, location: 2F 1-2: Ball 2-2: Foul Ball, location: 2F 2-2: Grounds into double play, 6-4-3 (Groundball, 56D, EV 88.1 MPH)
|
Bottom of the 8th over - 1 run, 2 hits, 0 errors, 1 left on base; El Paso 9 - Lehigh Valley 1 |
TOP OF THE 9TH |
El Paso Chihuahuas batting - Pitching for Lehigh Valley IronPigs : RHP Frank Diaz
|
Now at 3B: Luis Arce
|
|
Pinch Hitting: LHB Aaron LeBlanc
|
0-0: Called Strike 0-1: Called Strike 0-2: SINGLE (Groundball, 4MS, EV 86.9 MPH) (infield hit)
|
Batting: LHB Helmut Steggall
|
0-0: Called Strike 0-1: Swinging Strike 0-2: Foul Ball, location: 2F 0-2: Strikes out looking
|
Batting: SHB Steve Killion
|
0-0: Foul Ball, location: 2F 0-1: Foul Ball, location: 2F 0-2: Ball 1-2: Ball 2-2: Ball 3-2: Foul Ball, location: 2F 3-2: Foul Ball, location: 2F 3-2: SINGLE (Groundball, 56D, EV 101.9 MPH) Aaron LeBlanc to second
|
Pitching: LHP John Schipper
|
|
Batting: RHB Itsuo Yoshioka
|
0-0: Ball 1-0: Foul Ball, location: 2F 1-1: Foul Ball, location: 2F 1-2: Fly out, F7 (Line Drive, 7, EV 101.2 MPH)
|
Batting: SHB Chris Haugen
|
0-0: Called Strike 0-1: Ball 1-1: Called Strike 1-2: Ball 2-2: Ball 3-2: Ground out 5-3 (Groundball, 56, EV 87.5 MPH)
|
Top of the 9th over - 0 runs, 2 hits, 0 errors, 2 left on base; El Paso 9 - Lehigh Valley 1 |
BOTTOM OF THE 9TH |
Lehigh Valley IronPigs batting - Pitching for El Paso Chihuahuas : RHP Victor Moreno
|
Now in RF: Luis Cruz
|
|
Batting: LHB Tyler Allen
|
0-0: Ball 1-0: Fly out, F8 (Line Drive, 8LD, EV 90.6 MPH)
|
Batting: RHB Dan Grable
|
0-0: Foul Ball, location: 2F 0-1: Called Strike 0-2: Ball 1-2: DOUBLE (Groundball, 3L, EV 103.1 MPH)
|
Batting: RHB Mitch Boyd
|
0-0: Swinging Strike 0-1: Swinging Strike 0-2: Foul Ball, location: 2F 0-2: SINGLE (Line Drive, 34, EV 99.4 MPH) Dan Grable to third
|
Batting: LHB Darrell Ortega
|
0-0: Ball 1-0: Ball 2-0: Ball 3-0: Base on Balls Mitch Boyd to second
|
Pitching: RHP Eddie Starks
|
|
Batting: LHB Danny Hill
|
0-0: Ball 1-0: Ball 2-0: Ball 3-0: Called Strike 3-1: Called Strike 3-2: SINGLE (Line Drive, 89S, EV 93.8 MPH) Dan Grable scores Mitch Boyd to third Darrell Ortega to second
|
Batting: RHB Luis Arce
|
0-0: Called Strike 0-1: Foul Ball, location: 2F 0-2: Foul Ball, location: 2F 0-2: Strikes out swinging
|
Batting: LHB Michael Tuttle
|
0-0: Ball 1-0: SINGLE (Groundball, 4MD, EV 102.5 MPH) Mitch Boyd scores Darrell Ortega to third Danny Hill to second
|
Batting: RHB Chris Pounds
|
0-0: Foul Ball, location: 2F 0-1: Foul Ball, location: 2F 0-2: Ball 1-2: Fly out, F8 (Flyball, 8LM, EV 86.9 MPH)
|
Bottom of the 9th over - 2 runs, 4 hits, 0 errors, 3 left on base; El Paso 9 - Lehigh Valley 3 |
|